 Dungeon Crawl Stone Soup version 0.21.0-3-g78d12a8 (webtiles) character file.

1408 inmateoo the Slasher (level 8, 0/61 HPs)
             Began as a Mummy Fighter on Jan 13, 2018.
             Slain by an orc warrior
             ... wielding a +0 scimitar
              (9 damage)
             ... on level 6 of the Dungeon.
             The game lasted 00:07:38 (7410 turns).

inmateoo the Slasher (Mummy Fighter)                Turns: 7410, Time: 00:07:39

Health: 0/61       AC: 13    Str: 22    XL:     8   Next: 42%
Magic:  8/8        EV:  4    Int:  7    God:
Gold:   242        SH:  9    Dex: 11    Spells: 7/7 levels left

rFire    x . .     SeeInvis .   a - +0 long sword
rCold    + . .     Gourm    .   c - +0 shield
rNeg     + + +     Faith    .   n - +0 plate armour
rPois    ∞         Spirit   .   q - +0 helmet
rElec    .         Reflect  .   o - scarf {cloud immunity}
rCorr    .         Harm     .   j - +0 pair of gloves
MR       +....                  (no boots)
Stlth    ..........             (no amulet)
HPRegen  0.20/turn              (no ring)
MPRegen  0.11/turn              (no ring)

@: no status effects
A: no food or potions, fire vulnerability, cold resistance 1, negative energy
resistance 3, torment resistance, unbreathing
a: no special abilities


You were on level 6 of the Dungeon.
You were not hungry.

You visited 1 branch of the dungeon, and saw 6 of its levels.

You collected 242 gold pieces.

Inventory:

Hand Weapons
 a - a +0 long sword (weapon)
Armour
 c - a +0 shield (worn)
 j - a +0 pair of gloves (worn)
 n - a +0 plate armour (worn)
 o - a scarf of cloud immunity (worn)
 q - a +0 helmet (worn)
Jewellery
 b - an uncursed ring of wizardry {unknown}
Scrolls
 d - a scroll of magic mapping {unknown}
 e - 5 scrolls of identify {unknown}
 f - 10 scrolls of remove curse {unknown}
 g - 3 scrolls of amnesia {unknown}
 h - a scroll of noise {unknown}
 i - 3 scrolls of fog {unknown}
 k - a scroll of enchant armour {unknown}
 l - 2 scrolls of enchant weapon {unknown}
 m - a scroll of blinking {unknown}
 p - 4 scrolls of teleportation {unknown}


   Skills:
 + Level 4.5 Fighting
 * Level 7.4 Long Blades
 + Level 3.6 Armour
 + Level 3.7 Shields


You had 7 spell levels left.
You didn't know any spells.

Dungeon Overview and Level Annotations

Branches:
Dungeon (6/15)
 Temple: D:4-7

Altars:
Qazlal
Ru
Trog
Xom


Innate Abilities, Weirdness & Mutations

You do not eat or drink.
Your flesh is vulnerable to fire.
You are immune to poison.
Your flesh is cold resistant. (rC+)
You are immune to negative energy. (rN+++)
You are immune to unholy pain and torment.
You can survive without breathing.


Message History

Your plate armour prevents you from hitting the orc warrior.
The orc warrior is heavily wounded.
The orc warrior hits you with a scimitar.
You are too injured to fight recklessly!
You closely miss the orc warrior.
The orc warrior is heavily wounded.
The orc warrior hits you with a scimitar!
* * * LOW HITPOINT WARNING * * *
You are too injured to fight recklessly!
You hit the orc warrior but do no damage.
The orc warrior is heavily wounded.
You block the orc warrior's attack.
Unknown command.
Things that are here:
a hand axe; an orc corpse The orc barely misses you.
You hit the orc.
The orc is heavily wounded.
The orc warrior hits you with a scimitar!
You die...

.........#
#.........#......<.###
.........#
#####..#.#.o.#.#.#.##.
.........##
##.#.#..##.#.#.##.
.....##...#
#.#.#..##.#...##.
###†#####.####
#......##.######. #.#
##....#####.###.##.# #.
###.#
#.......).#..##o##.# ##
....#
#.###.###o#.....##..
##### #. ...#
#@#..##.##.# # ......#
#o#..#####.# # .......#
#.....# #.# ##...####
###.#.## #.# #####
#####..# #.# #...#
#...##[# #.# #.. #...#
#.#.##.###.# ... #
#...#######.#.##..##.###
.z. #
##.).##.................#
...


You could see an orc warrior and an orc.

Vanquished Creatures
  Duvessa (D:4)
  A sky beast (D:5)
  A phantom (D:4)
  A centaur (D:6)
  A bullfrog (D:6)
  Blork the orc (D:5)
  Dowan (D:4)
  A scorpion (D:4)
  2 wights (D:6)
  A centaur zombie (D:6)
  An orc priest (D:5)
  A bullfrog skeleton (D:3)
  A hound (D:4)
  A gnoll shaman (D:4)
  4 orc wizards
  A centaur skeleton (D:5)
  Jessica (D:2)
  4 worker ants
  2 hound skeletons
  Robin (D:4)
  9 gnolls
  5 adders
  2 oozes
  5 worms
  5 dart slugs
  4 leopard geckos
  10 orcs
  8 bats
  9 giant cockroaches
  12 goblins
  13 hobgoblins
  6 jackals
  3 quokkas
  2 ball pythons
  5 frilled lizards
  8 kobolds
  8 rats
142 creatures vanquished.

Notes
Turn   | Place    | Note
-------+----------+-------------------------------------------
     0 | D:1      | inmateoo the Mummy Fighter began the quest for the Orb.
     0 | D:1      | Reached XP level 1. HP: 18/18 MP: 1/1
     3 | D:1      | Noticed an electric eel
     3 | D:1      | Noticed an electric eel
   164 | D:1      | Reached skill level 2 in Long Blades
   170 | D:1      | Reached XP level 2. HP: 20/24 MP: 2/2
   487 | D:1      | Reached XP level 3. HP: 22/29 MP: 3/3
   611 | D:1      | Reached skill level 3 in Long Blades
  1088 | D:2      | Found a faded altar of an unknown god.
  1199 | D:2      | Found a stormy altar of Qazlal.
  1199 | D:2      | Noticed a water elemental
  1200 | D:2      | Noticed an air elemental
  1200 | D:2      | Noticed a fire elemental
  1200 | D:2      | Noticed an earth elemental
  1239 | D:2      | Reached XP level 4. HP: 35/35 MP: 4/4
  1248 | D:2      | Noticed Jessica
  1519 | D:3      | Reached skill level 4 in Long Blades
  2001 | D:3      | Found a bloodstained altar of Trog.
  2179 | D:4      | Reached XP level 5. HP: 35/41 MP: 5/5
  2291 | D:4      | Noticed a phantom
  2380 | D:4      | Killed a phantom
  2380 | D:4      | Reached skill level 5 in Long Blades
  2380 | D:4      | Reached XP level 6. HP: 18/47 MP: 6/6
  3037 | D:4      | Reached skill level 6 in Long Blades
  3200 | D:4      | Noticed Robin
  3328 | D:4      | Found a shimmering altar of Xom.
  3349 | D:4      | Killed Robin
  3642 | D:5      | Entered Level 5 of the Dungeon
  3819 | D:5      | Noticed a sky beast
  3855 | D:5      | Killed a sky beast
  3855 | D:5      | Reached XP level 7. HP: 12/52 MP: 7/7
  4115 | D:5      | Noticed Duvessa
  4116 | D:5      | Noticed Dowan
  4525 | D:2      | Killed Jessica
  5781 | D:4      | Killed Duvessa
  5790 | D:4      | Killed Dowan
  6014 | D:5      | Noticed Blork the orc
  6028 | D:5      | Killed Blork the orc
  6028 | D:5      | Reached XP level 8. HP: 60/60 MP: 8/8
  6263 | D:6      | Reached skill level 7 in Long Blades
  6489 | D:6      | Found a sacrificial altar of Ru.
  7410 | D:6      | Slain by an orc warrior

Skill      XL: |  1  2  3  4  5  6  7  8 |
---------------+-------------------------+-----
Long Blades    | 2 3 4 5 6 7 |  7.4
Armour         | 3 |  3.6
Shields        | 3 |  3.7
Fighting       | 4 |  4.5

Action                   |  1- 3 |  4- 6 |  7- 9 || total
-------------------------+-------+-------+-------++-------
Melee: Long sword        |   105 |   258 |   329 ||   692
Throw: Throwing net      |       |     1 |       ||     1
 Stab: Held in net/web   |       |     1 |       ||     1
Armor: Scale mail        |    38 |   102 |       ||   140
       Plate armour      |       |    18 |   178 ||   196
Dodge: Dodged            |    34 |    68 |    46 ||   148
Block: Shield            |    61 |    96 |   128 ||   285
       Rpst.: Long sword |    15 |    21 |     6 ||    42
